 Dungeon Crawl Stone Soup version 0.25.1-2-g60ff931df9 (webtiles) character file.

Game seed: 11339720513274541056

38 Martska the Chucker (level 3, -7/37 HPs)
             Began as an Ogre Hunter on Oct 30, 2020.
             Killed from afar by Natasha (8 damage)
             ... with a magic dart
             ... on level 2 of the Dungeon.
             The game lasted 00:01:46 (1423 turns).

Martska the Chucker (Ogre Hunter)                   Turns: 1423, Time: 00:01:46

Health: -7/37      AC:  3    Str: 17    XL:     3   Next: 43%
Magic:  3/3        EV:  5    Int: 12    God:
Gold:   37         SH: 10    Dex:  9    Spells: 2/2 levels left

rFire    . . .     SeeInvis .   e - +0 club
rCold    . . .     Gourm    .   g - +0 tower shield (curse)
rNeg     . . .     Faith    .   b - +0 robe
rPois    .         Spirit   .   (helmet restricted)
rElec    .         Reflect  .   (no cloak)
rCorr    .         Harm     .   (gloves unavailable)
MR       .....                  (boots unavailable)
Stlth    +.........             (no amulet)
HPRegen  0.12/turn              (no ring)
MPRegen  0.08/turn              (no ring)

@: slowed, very slow
A: large, unfitting armour, tough skin 1
a: no special abilities


You were on level 2 of the Dungeon.
You were not hungry.

You visited 1 branch of the dungeon, and saw 2 of its levels.

You collected 37 gold pieces.

Inventory:

Hand Weapons
 a - a +0 short sword
 e - a +0 club (weapon)
Missiles
 c - 3 large rocks (quivered)
 d - 2 throwing nets
Armour
 b - a +0 robe (worn)
 g - a cursed +0 tower shield (worn)
Scrolls
 h - a scroll of remove curse {unknown}
 i - a scroll of fear {unknown}
 m - 2 scrolls of identify {unknown}
Potions
 k - a potion of haste {unknown}
 l - a potion of lignification {unknown}
 n - 2 potions of brilliance {unknown}
Comestibles
 f - a ration
 j - 4 chunks of flesh


   Skills:
 * Level 3.5 Fighting
 * Level 1.1 Maces & Flails
 * Level 4.3 Throwing
 - Level 2.0 Dodging
 - Level 0.6 Stealth


You had 2 spell levels left.
You didn't know any spells.
Your spell library was empty.

Dungeon Overview and Level Annotations

Branches:
Dungeon (1/15)

Altars:

Annotations:
D:2 Natasha


Innate Abilities, Weirdness & Mutations

You are too large for most types of armour.
You have tough skin. (AC +1)


Message History

Throwing (i - inventory. (/) - cycle)
c - 5 large rocks (quivered)
Press: ? - help, Shift-Dir - straight line, f - white imp
Aim: a white imp (summoned)
You throw a large rock. The large rock hits the white imp!!
You kill the white imp!
Natasha claws you. Natasha claws you!
* * * LOW HITPOINT WARNING * * *
Natasha claws you.
* * * LOW HITPOINT WARNING * * *
Unknown command.
Unknown command.
Throwing (i - inventory. (/) - cycle)
c - 4 large rocks (quivered)
Press: ? - help, Shift-Dir - straight line, f - Natasha
Aim: Natasha (moderately wounded)
You throw a large rock. The large rock barely misses Natasha.
The large rock hits the crimson imp.
The crimson imp is lightly wounded.
Natasha casts a spell at you. The magic dart hits you!
You die...

#..##.#.........
#.# # #..#....#
#.#.# #. #.
#.......# ... ..
#..#....###.#
#..##.#.....#
#.. #.###.### #
#.# #.##
#.###.(####.#
........@h5..#
##.####.######
#.# #.# ... #.#
#.. #.# #.# #..
#.


You could see Natasha and a crimson imp (summoned).

Vanquished Creatures
  An adder (D:2)
  2 dart slugs
  A leopard gecko (D:1)
  5 bats
  2 giant cockroaches (D:2)
  A goblin (D:1)
  2 hobgoblins (D:1)
  2 jackals (D:1)
  2 kobolds (D:2)
  5 rats
23 creatures vanquished.

Notes
Turn   | Place    | Note
-------+----------+-------------------------------------------
     0 | D:1      | Martska the Ogre Hunter began the quest for the Orb.
     0 | D:1      | Reached XP level 1. HP: 22/22 MP: 1/1
   467 | D:1      | Reached XP level 2. HP: 31/31 MP: 2/2
   678 | D:1      | You fall into a shaft and drop 1 floor!
  1071 | D:2      | Reached skill level 1 in Maces & Flails
  1071 | D:2      | Reached XP level 3. HP: 24/37 MP: 3/3
  1412 | D:2      | Noticed Natasha
  1422 | D:2      | HP: 1/37 [Natasha (4)]
  1423 | D:2      | Killed from afar by Natasha

Illustrated notes

Levels and vault maps discovered:
D:1:      lightli_arrival_boilingwater, layout_basic
D:2:      layout_loops_ring, roderic_lattice_a, minmay_heptomino_h4,
          uniq_natasha

Skill      XL: |  1  2 |
---------------+-------+-----
Fighting       | 3 |  3.5
Dodging        | 2 |  2.0
Maces & Flails | 1 |  1.1
Throwing       | |  4.3
Stealth        | |  0.6

Action                   || total
-------------------------++-------
Melee: Short sword       ||    41
       Club              ||    98
Throw: Large rock        ||     2
 Stab: Sleeping          ||     1
  Eat: Chunk             ||     2
Armor: Robe              ||    62
Dodge: Dodged            ||    50
Block: Tower shield      ||   101
